3AAA
SALT LAKE CITY BUZZ @ PORT ROYAL DISASTER
08/29/2054
 
TOP OF THE 1ST
Salt Lake City Buzz batting - Pitching for Port Royal Disaster : RHP Keith Lynskey
Pitching: RHP Keith Lynskey
Batting: SHB Millard Blanchard 0-0: Called Strike
0-1: Ball
1-1: Ground out U3 (Groundball, 3, EV 90.0 MPH)
Batting: RHB Luis Ibáñez 0-0: Ball
1-0: Called Strike
1-1: Ball
2-1: Foul Ball, location: 2F
2-2: Foul Ball, location: 2F
2-2: Strikes out swinging
Batting: LHB Tony Parra 0-0: Ball
1-0: Ball
2-0: Called Strike
2-1: Called Strike
2-2: Ball
3-2: Base on Balls
Batting: LHB Taroemon Nishii 0-0: Called Strike
0-1: Ball
1-1: Ball
2-1: Ball
3-1: Base on Balls
Tony Parra to second
Batting: SHB Anthony Potter 0-0: Ball
1-0: Fly out, F7 (Flyball, 7D, EV 100.6 MPH)
Top of the 1st over - 0 runs, 0 hits, 0 errors, 2 left on base; Salt Lake City 0 - Port Royal 0
BOTTOM OF THE 1ST
Port Royal Disaster batting - Pitching for Salt Lake City Buzz : LHP Elroy Mastenbroek
Pitching: LHP Elroy Mastenbroek
Batting: RHB Eric Bowman 0-0: Ball
1-0: Ball
2-0: Ball
3-0: Base on Balls
Batting: RHB Javier Villanueva 0-0: Fielders Choice at 2nd, 1-6 (Groundball, 13, EV 67.5 MPH)
Batting: LHB Richard Carter 0-0: Ball
1-0: Called Strike
1-1: SINGLE (Line Drive, 3D, EV 95.6 MPH)
Javier Villanueva to second
Runner from 2nd tries for 3rd, SAFE, no throw by RF
Batting: RHB Ángel Torrez 0-0: Ball
1-0: Foul Ball, location: 2F
1-1: Fielders Choice at 2nd, 5-4 (Groundball, 56S, EV 90.0 MPH)
Javier Villanueva scores
Batting: LHB José Arroyo 0-0: Ball
1-0: Foul Ball, location: 2F
1-1: Foul Ball, location: 2F
1-2: Foul Ball, location: 2F
1-2: Foul Ball, location: 2F
1-2: SINGLE (Groundball, 4D, EV 105.6 MPH)
Ángel Torrez to second
Runner from 2nd tries for 3rd, SAFE, throw by CF made to third
Batting: LHB Rodger Parsons 0-0: Fly out, F8 (Flyball, 8RD, EV 101.9 MPH)
Bottom of the 1st over - 1 run, 2 hits, 0 errors, 2 left on base; Salt Lake City 0 - Port Royal 1
TOP OF THE 2ND
Salt Lake City Buzz batting - Pitching for Port Royal Disaster : RHP Keith Lynskey
Batting: RHB Kevin Sanders 0-0: Foul Ball, location: 2F
0-1: Swinging Strike
0-2: Ball
1-2: Ball
2-2: Strikes out looking
Batting: RHB Vicente Mendoza 0-0: Fly out, F5 (Line Drive, 5L, EV 75.0 MPH)
Batting: RHB Mariano Cabral 0-0: Called Strike
0-1: SINGLE (Groundball, 4MD, EV 103.1 MPH)
Batting: RHB Jay-man Yu 0-0: Ball
1-0: Foul Ball, location: 2F
1-1: Foul Ball, location: 2F
1-2: Foul Ball, location: 2F
1-2: Foul Ball, location: 2F
1-2: Fielders Choice at 2nd, 6-4 (Groundball, 6, EV 81.9 MPH)
Top of the 2nd over - 0 runs, 1 hit, 0 errors, 1 left on base; Salt Lake City 0 - Port Royal 1
BOTTOM OF THE 2ND
Port Royal Disaster batting - Pitching for Salt Lake City Buzz : LHP Elroy Mastenbroek
Batting: RHB Larry Harris 0-0: Fly out, F8 (Flyball, 8RD, EV 95.0 MPH)
Batting: LHB Carlos Velardes 0-0: Ball
1-0: Called Strike
1-1: Swinging Strike
1-2: SINGLE (Line Drive, 7S, EV 98.1 MPH)
Batting: RHB George Samuels 0-0: Ball
1-0: Ball
2-0: Ball
3-0: Base on Balls
Carlos Velardes to second
Batting: RHB Eric Bowman 0-0: Ball
1-0: Ball
2-0: Foul Ball, location: 2F
2-1: Foul Ball, location: 2F
2-2: Strikes out swinging
Batting: RHB Javier Villanueva 0-0: Ball
1-0: Foul Ball, location: 2F
1-1: Ball
2-1: Swinging Strike
2-2: Foul Ball, location: 2F
2-2: Strikes out looking
Bottom of the 2nd over - 0 runs, 1 hit, 0 errors, 2 left on base; Salt Lake City 0 - Port Royal 1
TOP OF THE 3RD
Salt Lake City Buzz batting - Pitching for Port Royal Disaster : RHP Keith Lynskey
Batting: SHB Millard Blanchard 0-0: Ball
1-0: Ball
2-0: Swinging Strike
2-1: Foul Ball, location: 2F
2-2: Strikes out swinging
Batting: RHB Luis Ibáñez 0-0: Foul Ball, location: 2F
0-1: Ball
1-1: Foul Ball, location: 2F
1-2: Strikes out looking
Batting: LHB Tony Parra 0-0: Ball
1-0: Called Strike
1-1: Fly out, F4 (Line Drive, 4, EV 65.6 MPH)
Top of the 3rd over - 0 runs, 0 hits, 0 errors, 0 left on base; Salt Lake City 0 - Port Royal 1
BOTTOM OF THE 3RD
Port Royal Disaster batting - Pitching for Salt Lake City Buzz : LHP Elroy Mastenbroek
Batting: LHB Richard Carter 0-0: Foul Ball, location: 2F
0-1: Ball
1-1: Foul Ball, location: 2F
1-2: Foul Ball, location: 2F
1-2: Strikes out swinging
Batting: RHB Ángel Torrez 0-0: Ball
1-0: Foul Ball, location: 2F
1-1: Ground out 5-3 (Groundball, 56, EV 86.2 MPH)
Batting: LHB José Arroyo 0-0: Ball
1-0: Called Strike
1-1: Called Strike
1-2: Ball
2-2: Foul Ball, location: 2F
2-2: SINGLE (Line Drive, 89S, EV 93.1 MPH)
Batting: LHB Rodger Parsons 0-0: Ball
1-0: Fielders Choice at 2nd, 5-4 (Groundball, 56, EV 80.6 MPH)
Bottom of the 3rd over - 0 runs, 1 hit, 0 errors, 1 left on base; Salt Lake City 0 - Port Royal 1
TOP OF THE 4TH
Salt Lake City Buzz batting - Pitching for Port Royal Disaster : RHP Keith Lynskey
Batting: LHB Taroemon Nishii 0-0: Ball
1-0: Ball
2-0: SINGLE (Line Drive, 6MD, EV 106.9 MPH)
Batting: SHB Anthony Potter 0-0: Ball
1-0: Swinging Strike
1-1: Foul Ball, location: 2F
1-2: Fielders Choice at 2nd, 4-6 (Groundball, 4, EV 106.2 MPH)
Batting: RHB Kevin Sanders 0-0: SINGLE (Groundball, 56D, EV 101.2 MPH)
Anthony Potter to second
Batting: RHB Vicente Mendoza 0-0: Ball
1-0: Called Strike
1-1: Foul Ball, location: 2F
1-2: Ball
2-2: Strikes out swinging
Batting: RHB Mariano Cabral 0-0: Ball
1-0: Swinging Strike
1-1: Ball
2-1: SINGLE (Groundball, 6D, EV 93.8 MPH)
Anthony Potter to third
Kevin Sanders to second
Runner from 3rd tries for Home, SAFE, throw by CF to home
Batting: RHB Jay-man Yu 0-0: Foul Ball, location: 2F
0-1: Called Strike
0-2: Ground out U3 (Groundball, 3, EV 88.1 MPH)
Top of the 4th over - 1 run, 3 hits, 0 errors, 2 left on base; Salt Lake City 1 - Port Royal 1
BOTTOM OF THE 4TH
Port Royal Disaster batting - Pitching for Salt Lake City Buzz : LHP Elroy Mastenbroek
Batting: RHB Larry Harris 0-0: Called Strike
0-1: Ball
1-1: Foul Ball, location: 2F
1-2: Fly out, F8 (Flyball, 8RM, EV 74.4 MPH)
Batting: LHB Carlos Velardes 0-0: Ball
1-0: Ball
2-0: SINGLE (Groundball, 4M, EV 107.5 MPH) (infield hit)
Batting: RHB George Samuels 0-0: Swinging Strike
0-1: Ball
1-1: Called Strike
1-2: Strikes out swinging
Batting: RHB Eric Bowman 0-0: Called Strike
0-1: Swinging Strike
0-2: Strikes out swinging
Bottom of the 4th over - 0 runs, 1 hit, 0 errors, 1 left on base; Salt Lake City 1 - Port Royal 1
TOP OF THE 5TH
Salt Lake City Buzz batting - Pitching for Port Royal Disaster : RHP Keith Lynskey
Batting: SHB Millard Blanchard 0-0: Foul Ball, location: 2F
0-1: Ball
1-1: SINGLE (Groundball, 6, EV 98.1 MPH)
Batting: RHB Luis Ibáñez 0-0: Ball
1-0: Ball
2-0: Ball
3-0: Called Strike
3-1: Bunted foul
3-2: Foul Ball, location: 2F
3-2: Fly out, F9 (Flyball, 89M, EV 75.6 MPH)
Batting: LHB Tony Parra 0-0: Ball
1-0: Ball
2-0: Ball
3-0: Base on Balls
Millard Blanchard to second
Batting: LHB Taroemon Nishii 0-0: Ball
1-0: Swinging Strike
1-1: Called Strike
1-2: Ball
2-2: Strikes out swinging
Batting: SHB Anthony Potter 0-0: Ball
1-0: Ball
2-0: Ball
3-0: Called Strike
3-1: Called Strike
3-2: Foul Ball, location: 2F
3-2: Fly out, F8 (Flyball, 8LM, EV 78.8 MPH)
Top of the 5th over - 0 runs, 1 hit, 0 errors, 2 left on base; Salt Lake City 1 - Port Royal 1
BOTTOM OF THE 5TH
Port Royal Disaster batting - Pitching for Salt Lake City Buzz : LHP Elroy Mastenbroek
Batting: RHB Javier Villanueva 0-0: Called Strike
0-1: Swinging Strike
0-2: Hit by Pitch
Batting: LHB Richard Carter 0-0: Ball
1-0: Ball
2-0: Ball
3-0: Called Strike
3-1: Foul Ball, location: 2F
3-2: Grounds into double play, 3-6-3 (Groundball, 3, EV 89.4 MPH)
Batting: RHB Ángel Torrez 0-0: Swinging Strike
0-1: Called Strike
0-2: Ground out 6-3 (Groundball, 6, EV 81.9 MPH)
Bottom of the 5th over - 0 runs, 0 hits, 0 errors, 0 left on base; Salt Lake City 1 - Port Royal 1
TOP OF THE 6TH
Salt Lake City Buzz batting - Pitching for Port Royal Disaster : RHP Keith Lynskey
Pitching: RHP Cory Fisher
Batting: RHB Kevin Sanders 0-0: Called Strike
0-1: Foul Ball, location: 2F
0-2: Strikes out looking
Batting: RHB Vicente Mendoza 0-0: Ball
1-0: Ball
2-0: Reached via error on a dropped throw from SS, E3 (Groundball, 6, EV 83.8 MPH)
Batting: RHB Mariano Cabral 0-0: Ball
1-0: Foul Ball, location: 2F
1-1: Foul Ball, location: 2F
1-2: Ball
Wild Pitch!
Vicente Mendoza to second
2-2: Ground out 4-3 (Groundball, 4S, EV 86.2 MPH)
Vicente Mendoza to third
Batting: RHB Jay-man Yu 0-0: Ball
1-0: Foul Ball, location: 2F
1-1: Ball
2-1: Foul Ball, location: 2F
2-2: Ball
3-2: Foul Ball, location: 2F
3-2: Strikes out looking
Top of the 6th over - 0 runs, 0 hits, 1 error, 1 left on base; Salt Lake City 1 - Port Royal 1
BOTTOM OF THE 6TH
Port Royal Disaster batting - Pitching for Salt Lake City Buzz : LHP Elroy Mastenbroek
Batting: LHB José Arroyo 0-0: Called Strike
0-1: Fly out, F7 (Flyball, 78D, EV 105.6 MPH)
Batting: LHB Rodger Parsons 0-0: Foul Ball, location: 2F
0-1: Called Strike
0-2: Strikes out swinging
Batting: RHB Larry Harris 0-0: Swinging Strike
0-1: Swinging Strike
0-2: Foul Ball, location: 2F
0-2: Ball
1-2: Foul Ball, location: 2F
1-2: Strikes out swinging
Bottom of the 6th over - 0 runs, 0 hits, 0 errors, 0 left on base; Salt Lake City 1 - Port Royal 1
TOP OF THE 7TH
Salt Lake City Buzz batting - Pitching for Port Royal Disaster : RHP Cory Fisher
Batting: SHB Millard Blanchard 0-0: Ball
1-0: Called Strike
1-1: Called Strike
1-2: Strikes out swinging
Batting: RHB Luis Ibáñez 0-0: Ball
1-0: Foul Ball, location: 2F
1-1: Ball
2-1: Ball
3-1: Base on Balls
Batting: LHB Tony Parra 0-0: SINGLE (Line Drive, 6MD, EV 94.4 MPH)
Luis Ibáñez to second
Batting: LHB Taroemon Nishii 0-0: Ball
1-0: Ball
2-0: Foul Ball, location: 2F
2-1: Ball
3-1: Base on Balls
Luis Ibáñez to third
Tony Parra to second
Batting: SHB Anthony Potter 0-0: Fly out, F9 (Line Drive, 89M, EV 95.6 MPH)
Runner from 3rd tags up, OUT at HOME! 9-2
Top of the 7th over - 0 runs, 1 hit, 0 errors, 2 left on base; Salt Lake City 1 - Port Royal 1
BOTTOM OF THE 7TH
Port Royal Disaster batting - Pitching for Salt Lake City Buzz : LHP Elroy Mastenbroek
Batting: LHB Carlos Velardes 0-0: Foul Ball, location: 2F
0-1: Ball
1-1: Called Strike
1-2: Ball
2-2: Ball
3-2: Foul Ball, location: 2F
3-2: Base on Balls
Pitching: RHP Ángel López
Batting: RHB George Samuels 0-0: Ball
Carlos Velardes steals 2nd base
1-0: Ball
2-0: Foul Ball, location: 2F
2-1: Called Strike
2-2: Ball
3-2: SINGLE (Flyball, 9S, EV 93.1 MPH)
Carlos Velardes to third
Batting: RHB Eric Bowman 0-0: SINGLE (Flyball, 89S, EV 85.6 MPH)
Carlos Velardes scores
George Samuels to second
Runner from 2nd tries for 3rd, SAFE, no throw by RF
Batting: RHB Javier Villanueva 0-0: Ball
1-0: Foul Ball, location: 2F
1-1: Foul Ball, location: 2F
1-2: SINGLE (Line Drive, 6MD, EV 98.1 MPH)
George Samuels scores
Eric Bowman to second
Runner from 2nd tries for 3rd, SAFE, throw by CF made to third
Batting: LHB Richard Carter 0-0: Ball
1-0: Foul Ball, location: 2F
1-1: SINGLE (Line Drive, 89M, EV 106.2 MPH)
Eric Bowman scores
Javier Villanueva to second
Batting: RHB Ángel Torrez 0-0: Foul Ball, location: 2F
0-1: Ball
1-1: Ball
2-1: Foul Ball, location: 2F
2-2: Foul Ball, location: 2F
2-2: Strikes out looking
Batting: LHB José Arroyo 0-0: Ball
1-0: Ball
2-0: Swinging Strike
2-1: Swinging Strike
2-2: Fly out, F9 (Flyball, 9D, EV 96.9 MPH)
Runner from 2nd tags up, SAFE at 3rd, no throw by RF
Batting: LHB Rodger Parsons 0-0: Ball
1-0: Foul Ball, location: 2F
1-1: Called Strike
1-2: Ball
2-2: Ball
3-2: Ground out 4-3 (Groundball, 4, EV 89.4 MPH)
Bottom of the 7th over - 3 runs, 4 hits, 0 errors, 2 left on base; Salt Lake City 1 - Port Royal 4
TOP OF THE 8TH
Salt Lake City Buzz batting - Pitching for Port Royal Disaster : RHP Cory Fisher
Batting: RHB Kevin Sanders 0-0: Called Strike
0-1: Ball
1-1: SINGLE (Groundball, 6MD, EV 102.5 MPH)
Batting: RHB Vicente Mendoza 0-0: Ball
1-0: Ball
2-0: Ball
3-0: Base on Balls
Kevin Sanders to second
Batting: RHB Mariano Cabral 0-0: Ball
1-0: Ball
Wild Pitch!
Kevin Sanders to third
Vicente Mendoza to second
2-0: Swinging Strike
2-1: Foul Ball, location: 2F
2-2: Foul Ball, location: 2F
2-2: Strikes out swinging
Pinch Hitting: LHB Juan Martínez 0-0: Called Strike
0-1: Ball
1-1: Foul Ball, location: 2F
1-2: Fly out, F8 (Flyball, 8RD, EV 84.4 MPH)
Runner from 3rd tags up, SCORES, no throw by CF
Pitching: LHP Barry van den Hombergh
Batting: SHB Millard Blanchard 0-0: Ball
1-0: Ball
2-0: 2-RUN HOME RUN (Flyball, 78XD, EV 110.0 MPH), Distance : 412 ft
Batting: RHB Luis Ibáñez 0-0: Called Strike
0-1: Foul Ball, location: 2F
0-2: Ball
1-2: Strikes out swinging
Top of the 8th over - 3 runs, 2 hits, 0 errors, 0 left on base; Salt Lake City 4 - Port Royal 4
BOTTOM OF THE 8TH
Port Royal Disaster batting - Pitching for Salt Lake City Buzz : RHP Ángel López
Now at SS: Júlio Martínez
Pinch Hitting: LHB Tom Hancock 0-0: Called Strike
0-1: Ball
1-1: Foul Ball, location: 2F
1-2: Strikes out swinging
Batting: LHB Carlos Velardes 0-0: Foul Ball, location: 2F
0-1: Ball
1-1: Ground out 6-3 (Groundball, 6M, EV 86.2 MPH)
Batting: RHB George Samuels 0-0: Called Strike
0-1: Ball
1-1: Ball
2-1: Ball
3-1: SINGLE (Flyball, 89S, EV 83.1 MPH)
Pitching: RHP Martín Cedeño
Batting: RHB Eric Bowman 0-0: Ball
George Samuels steals 2nd base
1-0: Ground out 6-3 (Groundball, 6M, EV 84.4 MPH)
Bottom of the 8th over - 0 runs, 1 hit, 0 errors, 1 left on base; Salt Lake City 4 - Port Royal 4
TOP OF THE 9TH
Salt Lake City Buzz batting - Pitching for Port Royal Disaster : LHP Barry van den Hombergh
Pitching: LHP José Pérez
Now at C: Tatsuya Miura
Batting: LHB Tony Parra 0-0: SINGLE (Groundball, 4MD, EV 110.6 MPH) (infield hit)
Batting: LHB Taroemon Nishii 0-0: Called Strike
Tony Parra steals 2nd base
0-1: Called Strike
0-2: Ball
1-2: Ball
2-2: Fly out, F2 (Popup, 2LF, EV 90.0 MPH)
Batting: SHB Anthony Potter 0-0: Called Strike
0-1: Ball
1-1: SINGLE (Popup, 56D, EV 56.9 MPH)
Tony Parra to third
Batting: RHB Kevin Sanders 0-0: Fly out, F8 (Flyball, 89D, EV 97.5 MPH)
Runner from 3rd tags up, OUT at HOME! 8-2
Top of the 9th over - 0 runs, 2 hits, 0 errors, 1 left on base; Salt Lake City 4 - Port Royal 4
BOTTOM OF THE 9TH
Port Royal Disaster batting - Pitching for Salt Lake City Buzz : RHP Martín Cedeño
Pitching: RHP Alfredo Maldonado
Pinch Hitting: LHB Kane Tucker 0-0: Ground out 6-3 (Groundball, 6M, EV 102.5 MPH)
Batting: LHB Richard Carter 0-0: Ball
1-0: Foul Ball, location: 2F
1-1: Ball
2-1: Called Strike
2-2: Ball
3-2: Strikes out swinging
Batting: RHB Ángel Torrez 0-0: Foul Ball, location: 2F
0-1: Ball
1-1: Swinging Strike
1-2: Foul Ball, location: 2F
1-2: Foul Ball, location: 2F
1-2: Strikes out swinging
Bottom of the 9th over - 0 runs, 0 hits, 0 errors, 0 left on base; Salt Lake City 4 - Port Royal 4
TOP OF THE 10TH
Salt Lake City Buzz batting - Pitching for Port Royal Disaster : LHP José Pérez
Now at 2B: Shu-yaan Seema
Batting: RHB Vicente Mendoza 0-0: Called Strike
0-1: Ball
1-1: Ground out 4-3 (Groundball, 4S, EV 78.8 MPH)
Batting: RHB Mariano Cabral 0-0: Ball
1-0: Foul Ball, location: 2F
1-1: Ball
2-1: Fly out, F4 (Line Drive, 4, EV 69.4 MPH)
Batting: SHB Júlio Martínez 0-0: Ball
1-0: Foul Ball, location: 2F
1-1: Ball
2-1: Foul Ball, location: 2F
2-2: Strikes out looking
Top of the 10th over - 0 runs, 0 hits, 0 errors, 0 left on base; Salt Lake City 4 - Port Royal 4
BOTTOM OF THE 10TH
Port Royal Disaster batting - Pitching for Salt Lake City Buzz : RHP Alfredo Maldonado
Batting: LHB José Arroyo 0-0: Called Strike
0-1: Ball
1-1: Called Strike
1-2: Ball
2-2: Foul Ball, location: 2F
2-2: Strikes out swinging
Batting: LHB Rodger Parsons 0-0: Ball
1-0: Ball
2-0: Foul Ball, location: 2F
2-1: Called Strike
2-2: Foul Ball, location: 2F
2-2: Foul Ball, location: 2F
2-2: Ball
3-2: Foul Ball, location: 2F
3-2: Base on Balls
Pinch Hitting: LHB Hambleton Oliver 0-0: Called Strike
0-1: Swinging Strike
0-2: Ball
1-2: Ball
2-2: Foul Ball, location: 2F
2-2: Ball
3-2: Strikes out looking
Batting: LHB Carlos Velardes 0-0: Ground out 4-3 (Groundball, 4, EV 85.6 MPH)
Bottom of the 10th over - 0 runs, 0 hits, 0 errors, 1 left on base; Salt Lake City 4 - Port Royal 4
TOP OF THE 11TH
Salt Lake City Buzz batting - Pitching for Port Royal Disaster : LHP José Pérez
Now at C: Edgardo Becerra
Batting: SHB Millard Blanchard 0-0: Ball
1-0: Swinging Strike
1-1: Foul Ball, location: 2F
1-2: Foul Ball, location: 2F
1-2: Foul Ball, location: 2F
1-2: Foul Ball, location: 2F
1-2: Ball
2-2: Ground out 3-1 (Groundball, 34, EV 84.4 MPH)
Batting: RHB Luis Ibáñez 0-0: Ball
1-0: Ball
2-0: Ball
3-0: Called Strike
3-1: Base on Balls
Batting: LHB Tony Parra 0-0: Ball
1-0: Called Strike
1-1: Ball
2-1: Foul Ball, location: 2F
2-2: SINGLE (Groundball, 34, EV 86.9 MPH) (infield hit)
Luis Ibáñez to second
Batting: LHB Taroemon Nishii 0-0: Ball
1-0: Called Strike
1-1: Ball
2-1: Ball
3-1: Foul Ball, location: 2F
3-2: Foul Ball, location: 2F
3-2: Fly out, F7 (Flyball, 78D, EV 96.2 MPH)
Batting: SHB Anthony Potter 0-0: Swinging Strike
0-1: Fly out, F9 (Line Drive, 9, EV 106.2 MPH)
Top of the 11th over - 0 runs, 1 hit, 0 errors, 2 left on base; Salt Lake City 4 - Port Royal 4
BOTTOM OF THE 11TH
Port Royal Disaster batting - Pitching for Salt Lake City Buzz : RHP Alfredo Maldonado
Batting: RHB George Samuels 0-0: Swinging Strike
0-1: Called Strike
0-2: Foul Ball, location: 2F
0-2: SINGLE (Groundball, 56D, EV 106.9 MPH)
Batting: RHB Eric Bowman 0-0: Ball
George Samuels steals 2nd base (no throw)
1-0: Intentional Walk
Batting: RHB Shu-yaan Seema 0-0: Ball
1-0: Ball
2-0: Ball
3-0: Called Strike
3-1: Bunted foul
3-2: Foul Ball, location: 2F
3-2: Strikes out swinging
Batting: LHB Richard Carter 0-0: Foul Ball, location: 2F
0-1: Ball
1-1: Ball
2-1: Foul Ball, location: 2F
2-2: Ball
3-2: Strikes out swinging
Batting: RHB Ángel Torrez 0-0: Called Strike
0-1: SINGLE (Line Drive, 5D, EV 106.2 MPH)
George Samuels to third
Eric Bowman to second
Runner from 3rd tries for Home, SAFE, throw by LF to home
Bottom of the 11th over - 1 run, 2 hits, 0 errors, 2 left on base; Salt Lake City 4 - Port Royal 5
Monday, April 1st , 2024 - OOTP Baseball 23.10 Build 110